 Dungeon Crawl Stone Soup version 0.28-a0-21-gf74fda84f9 (webtiles) character file.

Game seed: 5951173099321991754

3206 Spaninq the Grappler (level 9, -8/92 HPs)
             Began as a Troll Chaos Knight on July 26, 2021.
             Was a Plaything of Xom.
             Mangled by a wyvern (22 damage)
             ... on level 8 of the Dungeon.
             The game lasted 00:15:01 (5603 turns).

Spaninq the Grappler (Troll Chaos Knight)           Turns: 5603, Time: 00:15:02

Health: -8/92      AC:  5    Str: 24    XL:     9   Next: 65%
Magic:  8/8        EV: 10    Int: 10    God:    Xom [...*..]
Gold:   435        SH:  0    Dex: 10    Spells: 8/8 levels left

rFire   . . .      SeeInvis +     - Unarmed
rCold   . . .      Faith    .   (no shield)
rNeg    . . .      Spirit   .   a - +2 robe
rPois   +          Reflect  .   (helmet restricted)
rElec   .          Harm     .   (no cloak)
rCorr   .          Rampage  .   (gloves unavailable)
Will    ++...      Clarity  +   (boots unavailable)
Stlth   +.........              (no amulet)
HPRegen 1.25/turn               j - ring of see invisible
MPRegen 0.11/turn               n - ring of poison resistance

@: unable to read, on berserk cooldown, slowed, very slow
A: large, unfitting armour, claws 3, regeneration 1, shaggy fur 1, tough skin 1,
clarity, clever 1, deformed body, strong-willed 2, inability to read while
threatened
a: Renounce Religion


You were on level 8 of the Dungeon.
You worshipped Xom.
You were a favourite toy of Xom.
You visited 2 branches of the dungeon, and saw 9 of its levels.

You collected 435 gold pieces.

Inventory:

Hand Weapons
 h - a +3 hand axe of flaming
Armour
 a - a +2 robe (worn)
 w - a +0 kite shield
Jewellery
 j - a ring of see invisible (left claw)
 n - a ring of poison resistance (right claw)
 p - a +6 ring of intelligence
 r - a ring of flight
 x - a ring of resist corrosion
Wands
 f - a wand of digging (6)
 q - a wand of polymorph (11)
 v - a wand of iceblast (10)
Scrolls
 b - a scroll of enchant armour
 d - a scroll of amnesia
 e - 8 scrolls of teleportation
 u - a scroll of blinking
Potions
 c - 4 potions of curing
 g - 4 potions of mutation
 i - a potion of degeneration {unknown}
 k - a potion of berserk rage
 l - a potion of attraction {unknown}
 m - a potion of heal wounds
 o - a potion of flight
 s - a potion of brilliance {unknown}
 t - a potion of haste {unknown}


   Skills:
 + Level 6.8 Fighting
 - Level 1.9 Dodging
 * Level 4.1 Shields
 + Level 10.5 Unarmed Combat


You had 8 spell levels left.
You didn't know any spells.
Your spell library contained the following spells:

 Spells                   Type           Power      Damage    Failure   Level
 Animate Skeleton         Necr           0%         N/A       36%         1
 Apportation              Tloc           0%         N/A       36%         1
 Beastly Appendage        Tmut           0%         N/A       36%         1
 Corona                   Hex            0%         N/A       36%         1
 Summon Small Mammal      Summ           0%         N/A       36%         1
 Passwall                 Tmut/Erth      0%         N/A       50%         2
 Static Discharge         Conj/Air       0%         N/A       50%         2
 Wereblood                Tmut           0%         N/A       50%         2
 Call Canine Familiar     Summ           0%         N/A       75%         3
 Gell's Gravitas          Tloc           0%         N/A       75%         3
 Lesser Beckoning         Tloc           0%         N/A       75%         3
 Portal Projectile        Hex/Tloc       0%         N/A       75%         3
 Spider Form              Tmut/Pois      0%         N/A       75%         3
 Swiftness                Air            0%         N/A       75%         3
 Teleport Other           Tloc           0%         N/A       75%         3
 Animate Armour           Summ/Erth      0%         N/A       98%         4
 Dispel Undead            Necr           0%         3d6       98%         4
 Leda's Liquefaction      Hex/Erth       0%         N/A       98%         4
 Sticky Flame             Conj/Fire      0%         2d3       98%         4
 Blade Hands              Tmut           0%         N/A       100%        5
 Invisibility             Hex            0%         N/A       100%        6
 Iron Shot                Conj/Erth      0%         9d1       100%        6


Dungeon Overview and Level Annotations

Branches:
Dungeon (8/15)             Temple (1/1) D:7
   Lair: D:8-11

Altars:
Ashenzari
Cheibriados
Dithmenos
Elyvilon
Fedhas
Gozag
Hepliaklqana
Kikubaaqudgha
Makhleb
Nemelex Xobeh
Okawaru
Qazlal
Ru
Sif Muna
Trog
Uskayaw
Vehumet
Wu Jian
Xom
Yredelemnul
Zin
The Shining One

Annotations:
D:4 2 runed translucent doors, Nausicaa's ghost, amateur TrDe


Innate Abilities, Weirdness & Mutations

You are too large for most types of armour.
You have claws for hands.
Your natural rate of healing is unusually fast.
You are covered in fur. (AC +1)
You have tough skin. (AC +1)
You possess an exceptional clarity of mind.
Your mind is acute. (Int +2)
Armour fits poorly on your strangely shaped body.
You are highly strong-willed. (Will++)
You sometimes lose the ability to read scrolls when taking damage.


Message History

You mangle the yak!!
The yak is severely wounded.
The yak gores you!
* * * LOW HITPOINT WARNING * * *
The wyvern is engulfed in seething chaos.
The wyvern seems to speed up.
The wyvern bites you!
* * * LOW HITPOINT WARNING * * *
The wyvern is engulfed in seething chaos.
You feel a strong urge to attack something.
The wyvern is engulfed in seething chaos. x2
The wyvern bites you but does no damage.
The wyvern is engulfed in seething chaos.
You feel your anger nearly subside.
You are no longer berserk.
You are exhausted.
You feel yourself slow down.
The wyvern is engulfed in seething chaos. x2
The wyvern bites you.
* * * LOW HITPOINT WARNING * * *
You feel better.
The wyvern is engulfed in seething chaos.
The wyvern easily resists.
The wyvern bites you.
* * * LOW HITPOINT WARNING * * *
The wyvern is engulfed in seething chaos.
The wyvern bites you but does no damage.
The yak is engulfed in seething chaos.
The wyvern is engulfed in seething chaos.
The wyvern bites you!
* * * LOW HITPOINT WARNING * * *
The yak rages.
You feel much better.
The wyvern is engulfed in seething chaos.
The wyvern bites you.
The wyvern is engulfed in seething chaos.
The wyvern goes berserk!
The wyvern bites you!!
* * * LOW HITPOINT WARNING * * *
The yak gores you but does no damage.
The wyvern is engulfed in seething chaos.
The wyvern bites you!!
You die...
Xom snickers!

#...........###...............
#..........###.......#........
............###......##........
...................#...........
..................##.##........
..#. ....(.........#......##...
..... #.#.............>....##..
......#......#......).....###..
.......YY..###@...........#....
....Y..##...Y#lY...............
......# ##Y..Y.................
....## ##...................#
... ####......#.........# ..
##.....###.#...... .
#......#.##.#...
#..........##.. .........#....


You could see 2 yaks and a wyvern (berserk, fast, agile, invisible).

Vanquished Creatures
  A two-headed ogre (D:7)
  Pikel (D:4)
  A water moccasin (D:7)
  An orc warrior (D:3)
  3 sky beasts
  3 ogres
  A centaur (D:7)
  A lemure (D:4)
  A bullfrog (D:7)
  2 scorpions
  Blork the orc (D:4)
  A bullfrog zombie (D:7)
  An electric eel (D:8)
  A centaur zombie (D:8)
  A jelly (D:7)
  4 orc priests
  A bullfrog skeleton (D:6)
  A hound (D:5)
  2 gnoll shamans
  An iguana (D:7)
  11 orc wizards
  A hound skeleton (D:5)
  2 howler monkey zombies
  A howler monkey skeleton (D:5)
  6 adders
  13 gnolls
  An ufetubus (D:6)
  A worm (D:2)
  4 dart slugs
  23 orcs
  5 ball pythons
  8 endoplasms
  2 giant cockroaches (D:2)
  3 goblins
  7 hobgoblins
  9 jackals
  4 kobolds
  3 quokkas
  4 bats
  2 frilled lizards
  3 rats (D:1)
142 creatures vanquished.

Vanquished Creatures (collateral kills)
  Grinder (D:4)
  Duvessa (D:4)
  Dowan (D:4)
  A hound (D:4)
  An adder skeleton (D:4)
  An orc (D:4)
  A hobgoblin (D:4)
  A kobold (D:4)
8 creatures vanquished.

Grand Total: 150 creatures vanquished

Notes
Turn   | Place    | Note
-------+----------+-------------------------------------------
     0 | D:1      | Spaninq the Troll Chaos Knight began the quest for the Orb.
     0 | D:1      | Reached XP level 1. HP: 22/22 MP: 0/0
   183 | D:1      | XOM: silly message
   245 | D:1      | Reached XP level 2. HP: 29/29 MP: 1/1
   340 | D:1      | XOM is BORED!
   340 | D:1      | XOM: silly message
   418 | D:1      | XOM: confuse monster(s)
   703 | D:1      | Reached XP level 3. HP: 36/36 MP: 2/2
   857 | D:1      | XOM: cloud trail
   923 | D:2      | Reached skill level 4 in Unarmed Combat
   989 | D:2      | XOM: scenery: 1 doors close
  1069 | D:2      | Reached XP level 4. HP: 45/45 MP: 3/3
  1192 | D:2      | XOM: give mutations
  1192 | D:2      | Gained mutation: You possess an exceptional clarity of
                  | mind. [Xom's grace]
  1192 | D:2      | Gained mutation: Your mind is acute. (Int +2) [Xom's grace]
  1192 | D:2      | Gained mutation: You are robust. (+10% HP) [Xom's grace]
  1192 | D:2      | Gained mutation: You are strong-willed. (Will+) [Xom's
                  | grace]
  1549 | D:3      | XOM: noise
  1554 | D:3      | Noticed an orc warrior
  1570 | D:3      | XOM: summons 4 friendly demons
  1574 | D:3      | Killed an orc warrior
  1575 | D:3      | Reached skill level 5 in Unarmed Combat
  1575 | D:3      | Reached XP level 5. HP: 33/58 MP: 4/4
  1638 | D:3      | XOM: 1-stop teleportation journey
  1895 | D:3      | XOM is BORED!
  1895 | D:3      | XOM: summons 3 hostile demons
  2544 | D:4      | Found a large runed translucent door.
  2544 | D:4      | Found a large runed translucent door.
  2545 | D:4      | Noticed Nausicaa's ghost (amateur TrDe)
  2546 | D:4      | Noticed Blork the orc
  2556 | D:4      | Killed Blork the orc
  2557 | D:4      | Reached XP level 6. HP: 45/68 MP: 5/5
  2618 | D:4      | Reached skill level 6 in Unarmed Combat
  2702 | D:4      | Noticed Pikel
  2737 | D:4      | Killed Pikel
  2738 | D:4      | Reached skill level 7 in Unarmed Combat
  2738 | D:4      | Reached XP level 7. HP: 45/78 MP: 6/6
  2809 | D:4      | Reached skill level 8 in Unarmed Combat
  2818 | D:4      | Noticed Duvessa
  2819 | D:4      | Noticed Dowan
  2824 | D:4      | Killed Duvessa
  2825 | D:4      | Reached skill level 5 in Fighting
  2830 | D:4      | Killed Dowan
  2831 | D:4      | Reached XP level 8. HP: 38/88 MP: 7/7
  2897 | D:4      | Noticed Grinder
  2904 | D:4      | Killed Grinder
  2983 | D:4      | Found a hazy altar of Hepliaklqana.
  3178 | D:5      | Entered Level 5 of the Dungeon
  3307 | D:5      | Reached skill level 9 in Unarmed Combat
  3313 | D:5      | XOM: give mutations
  3313 | D:5      | Lost mutation: You are robust. (+10% HP) [Xom's mischief]
  3313 | D:5      | Gained mutation: You are highly strong-willed. (Will++)
                  | [Xom's mischief]
  3313 | D:5      | Gained mutation: Armour fits poorly on your strangely
                  | shaped body. [Xom's mischief]
  3313 | D:5      | Gained mutation: You sometimes lose the ability to read
                  | scrolls when taking damage. [Xom's mischief]
  3526 | D:5      | XOM: summons 1 hostile demon
  3547 | D:5      | XOM: 1-stop teleportation journey
  4221 | D:6      | XOM: summons 3 hostile demons
  4247 | D:6      | XOM: cleaving
  4251 | D:6      | XOM: confuse monster(s)
  4273 | D:6      | XOM: fake destruction
  4277 | D:6      | XOM: summons friendly quasit
  4439 | D:6      | Noticed a five-headed hydra
  4439 | D:6      | Noticed a cyclops
  4703 | D:6      | XOM: stat loss: -1 Str (21/22)
  4791 | D:7      | Noticed a two-headed ogre
  4791 | D:7      | XOM: enchant monster (good)
  4859 | D:7      | XOM: divination: detect creatures
  4876 | D:7      | XOM: summons friendly iron imp
  4881 | D:7      | Killed a two-headed ogre
  4882 | D:7      | Reached skill level 10 in Unarmed Combat
  4882 | D:7      | Reached XP level 9. HP: 44/91 MP: 8/8
  4996 | D:7      | Found a staircase to the Ecumenical Temple.
  5014 | Temple   | Entered the Ecumenical Temple
  5105 | D:7      | XOM: 2-stop teleportation journey
  5169 | D:7      | XOM: 3-stop teleportation journey
  5240 | D:7      | XOM: summons 2 friendly demons
  5474 | D:8      | XOM: enchant monster (good)
  5577 | D:8      | XOM: cloud trail
  5585 | D:8      | XOM: silly message
  5586 | D:8      | XOM: confuse monster(s)
  5603 | D:8      | Mangled by a wyvern

Illustrated notes

Levels and vault maps discovered:
D:1:      matt_arrival_refuge, layout_loops_corners
D:2:      kennysheep_six_static_rooms, layout_basic
D:3:      layout_loops_corners
D:4:      layout_gridville, mainiacjoe_overflow_concentric_impassable,
          ebering_ghost_disaster_area, minivault_11, corner_web_ring,
          minmay_close_crescents, uniq_blork_the_orc, uniq_duvessa,
          uniq_grinder, uniq_pikel
D:5:      layout_basic, chequers_serial_rivers_micro_e
D:6:      layout_rooms, amcnicky_mini_pool_small, lightli_corner_chamber
D:7:      layout_rooms, minmay_temple_entry_drinking_statues,
          minmay_a_box_with_orc_wizards_in_it
D:8:      argonaut_augean_stables, layout_cave_pools, uniq_joseph
Temple:   dpeg_three_leaves_temple

Skill      XL: |  1  2  3  4  5  6  7  8  9 |
---------------+----------------------------+-----
Unarmed Combat | 4 5 7 8 10 | 10.5
Fighting       | 3 4 5 6 |  6.8
Shields        | 2 4 |  4.1
Dodging        | |  1.9

Action                   |  1- 3 |  4- 6 |  7- 9 || total
-------------------------+-------+-------+-------++-------
Melee: Unarmed           |    94 |   106 |   233 ||   433
       Punch             |       |     4 |    10 ||    14
  Use: Scroll            |       |     7 |    12 ||    19
       Potion            |       |       |     3 ||     3
 Stab: Sleeping          |     2 |       |       ||     2
       Petrified         |     3 |       |     2 ||     5
Armor: Robe              |    30 |    37 |    57 ||   124
Dodge: Dodged            |    40 |    56 |   114 ||   210

Table legend: (Time is in decaauts)
 A = Elapsed time spent in this place.
 B = Non-inter-level travel time spent in this place.
 C = Inter-level travel time spent in this place.
 D = Time resting spent in this place.
 E = Time spent auto-exploring this place.
 F = Levels seen in this place.
 G = Mean time per level.
                   A        B        C        D        E       F      G
               +--------+--------+--------+--------+--------+-----+--------+
         Total |   5544 |   5335 |    209 |      0 |   4056 |   9 |  616.0 |
       Dungeon |   5464 |   5269 |    195 |      0 |   3992 |   8 |  683.0 |
        Temple |     79 |     65 |     14 |      0 |     64 |   1 |   79.0 |
               +--------+--------+--------+--------+--------+-----+--------+

Top non-repeatable levels by time:
     D:5: 964 daAuts
     D:3: 893 daAuts
     D:1: 863 daAuts
     D:4: 750 daAuts
     D:2: 650 daAuts
     D:7: 621 daAuts
     D:6: 582 daAuts
     D:8: 138 daAuts
  Temple: 79 daAuts
